 Dungeon Crawl Stone Soup version 0.30-a0-743-gbfdf073431 (webtiles) character file.

Game seed: 4345205074023031610

29792 Bnni the Markstengu (level 13, -5/76 HPs)
             Began as a Tengu Hunter on Feb 5, 2023.
             Was a Believer of Hepliaklqana.
             Succumbed to their own poison gas
             ... on level 13 of the Dungeon on Feb 6, 2023.
             The game lasted 00:35:07 (12038 turns).

Bnni the Markstengu (Tengu Hunter)                 Turns: 12038, Time: 00:35:08

Health: -5/76      AC: 11    Str: 11    XL:     13   Next: 47%
Magic:  18/19      EV: 28    Int:  9    God:    Hepliaklqana [**....]
Gold:   303        SH:  0    Dex: 24    Spells: 12/12 levels left

rFire   . . .      SeeInvis .    u - +4 shortbow (heavy)
rCold   . . .      Faith    .    (shield currently unavailable)
rNeg    . . .      Spirit   .    H - +0 troll leather armour
rPois   .          Reflect  .    (helmet restricted)
rElec   .          Harm     .    t - +0 cloak
rCorr   .          Rampage  .    f - +0 pair of gloves
Will    .....                    (boots unavailable)
Stlth   ++                       L - amulet of regeneration
HPRegen 1.92/turn                m - +5 ring of evasion
MPRegen 0.16/turn                v - +4 ring of protection

@: lethally poisoned (-5 -> -41), flying quickly and evasively, quick
A: reduced essence, beak, talons 3, nimble flight
a: Renounce Religion, Recall Ancestor, Ancestor Identity


You were on level 13 of the Dungeon.
You worshipped Hepliaklqana.
Hepliaklqana was pleased with you.
You visited 2 branches of the dungeon, and saw 14 of its levels.
You also visited: Sewer and Bailey.

You collected 744 gold pieces.
You spent 441 gold pieces at shops.

Inventory:

Hand Weapons
 u - a +4 heavy shortbow (weapon)
 K - a +0 vampiric demon blade
 O - a +0 longbow
Armour
 f - a +0 pair of gloves (worn)
 t - a +0 cloak (worn)
 H - a +0 troll leather armour (worn)
Jewellery
 m - a +5 ring of evasion (left hand)
 v - a +4 ring of protection (right hand)
 w - a ring of poison resistance
 L - an amulet of regeneration (around neck)
 M - a ring of positive energy
Wands
 c - a wand of acid (7)
 e - a wand of digging (4)
 E - a wand of paralysis (1)
 G - a wand of flame (98)
 P - a wand of polymorph (3)
Scrolls
 b - 2 scrolls of immolation
 d - 3 scrolls of fog {unknown}
 g - 3 scrolls of fear
 h - 6 scrolls of magic mapping
 k - 4 scrolls of teleportation
 n - 3 scrolls of vulnerability
 q - a scroll of amnesia
 r - 3 scrolls of torment
 y - 3 scrolls of enchant armour
 D - 4 scrolls of enchant weapon
 Q - a scroll of blinking {unknown}
Potions
 a - 3 potions of lignification
 i - 2 potions of berserk rage {unknown}
 l - 4 potions of brilliance {unknown}
 o - 3 potions of mutation
 p - 5 potions of haste {unknown}
 x - 9 potions of curing
 z - 2 potions of invisibility {unknown}
 A - 3 potions of ambrosia {unknown}
 B - 4 potions of flight
 C - 2 potions of magic
 F - 2 potions of resistance {unknown}
 I - 2 potions of cancellation {unknown}
 J - 4 potions of attraction {unknown}
 N - a potion of might {unknown}


   Skills:
 + Level 11.7 Fighting
 + Level 17.0 Ranged Weapons
 + Level 5.5 Armour
 + Level 9.4 Dodging
 - Level 1.0 Stealth
 * Level 6.7 Invocations


You had 12 spell levels left.
You didn't know any spells.
Your spell library contained the following spells:

 Spells                   Type           Power      Damage    Failure   Level
 Apportation              Tloc           0%         N/A       45%         1
 Beastly Appendage        Tmut           0%         N/A       45%         1
 Magic Dart               Conj           0%         1d3       45%         1
 Summon Small Mammal      Summ           0%         N/A       45%         1
 Cigotuvi's Dreadful Rot  Necr/Pois/Air  0%         N/A       61%         2
 Poisonous Vapours        Pois/Air       0%         N/A       61%         2
 Searing Ray              Conj           0%         2d4       61%         2
 Wereblood                Tmut           0%         N/A       61%         2
 Call Canine Familiar     Summ           0%         N/A       83%         3
 Mephitic Cloud           Conj/Pois/Air  0%         N/A       83%         3
 Ozocubu's Armour         Ice            0%         N/A       83%         3
 Spider Form              Tmut/Pois      0%         N/A       83%         3
 Summon Guardian Golem    Hex/Summ       0%         N/A       83%         3
 Fulminant Prism          Conj/Hex       0%         3d5       99%         4
 Alistair's Intoxication  Tmut/Pois      0%         N/A       100%        5
 Ozocubu's Refrigeration  Ice            0%         4d7       100%        7


Dungeon Overview and Level Annotations

Branches:
Dungeon (13/15)            Temple (1/1) D:7            Lair (0/5) D:9
    Orc (0/2) D:12          Sewer (visited)          Bailey (visited)
 Vaults: D:13-14

Altars:
Dithmenos
Fedhas
Gozag
Hepliaklqana
Kikubaaqudgha
Makhleb
Nemelex Xobeh
Okawaru
Qazlal
Ru
Trog
Uskayaw
Vehumet
Wu Jian
Xom
Yredelemnul
Zin
The Shining One

Shops:
D:1 :   D:2 =   D:5 *   D:6 [   D:7 :   D:9 (   D:11 !   D:12 *

Annotations:
D:7 3 runed translucent doors
D:11 exclusion: door


Innate Abilities, Weirdness & Mutations

Your life essence is reduced to manifest your ancestor. (-10% HP)
You have a beak for a mouth.
You have claws for feet.
Your magical nature lets you fly swiftly and evasively.


Message History

The vault guard is engulfed in blazing flames.
Flame seeps out of the vault guard.
You feel much better.
You are engulfed in blazing flames.
* * * LOW HITPOINT WARNING * * *
A seven-headed hydra comes into view.
The vault guard is engulfed in blazing flames.
Flame seeps out of the vault guard.
The vault guard is engulfed in blazing flames.
Flame seeps out of the vault guard.
Really fly into that cloud of poison gas?
You are engulfed in poison gas.
You are poisoned.
* * * LOW HITPOINT WARNING * * *
You feel very sick.
The vault guard is engulfed in poison gas.
The vault guard is poisoned.
Flame seeps out of the vault guard.
The vault guard is engulfed in blazing flames.
The vault guard explodes!
The fiery explosion engulfs the vault guard!!
The vault guard is almost dead.
Your Ranged Weapons skill increases to level 17!
You feel much better.
You are engulfed in poison gas.
You are more poisoned.
* * * LOW HITPOINT WARNING * * *
You feel extremely sick.
The vault guard is engulfed in blazing flames.
You kill the vault guard!
The vault guard looks even sicker.
The vault guard hits you with a +2 battleaxe of freezing!
* * * LOW HITPOINT WARNING * * *
The vault guard freezes you.
* * * LOW HITPOINT WARNING * * *
Okay, then.
As you read the scroll labelled CEJESE PUPETWO, it crumbles to dust.
You assume a fearsome visage.
The vault guard looks frightened!
The seven-headed hydra looks frightened!
It was a scroll of fear.
You are engulfed in poison gas.
You are more poisoned.
* * * LOW HITPOINT WARNING * * *
You die...

.# .# .# ?##
.. #####.
#....######
#....#.p@°#
#.☼§)§§§☼§#
p...°.§☼#○§°§#
.###☼...#§§☼§#
#....#.°§○#
#....+.°☼§#
#....#D§.☼#
#....#....#
###..#....#


You could see a seven-headed hydra (fleeing) and a vault guard (inner flame,
fleeing, very poisoned).

Vanquished Creatures
  The ghost of derval the Nimble, a journeyman OpSu of Gozag (D:11)
  5 vault guards (D:13)
  A centaur warrior (D:11)
  A boulder beetle (D:12)
  7 two-headed ogres
  3 dancing weapons (D:12)
  3 death yaks (D:9)
  An orc knight (D:11)
  Pikel (D:7)
  A deep elf pyromancer (D:11)
  An ugly thing (D:7)
  2 cyclopes
  Maurice (D:8)
  3 gargoyles
  A komodo dragon (D:12)
  4 trolls
  Grinder (D:5)
  Prince Ribbit (D:6)
  2 slime creatures
  A spriggan (D:11)
  2 shadows
  2 wraiths
  19 yaks
  Sigmund (D:3)
  A wyvern (D:7)
  A basilisk (D:11)
  A steam dragon (D:7)
  An acid dragon (D:7)
  2 water moccasins
  3 black bears
  17 orc warriors
  2 ogres
  A wolf (D:11)
  13 centaurs
  A lemure (D:7)
  2 phantoms
  A bullfrog (D:8)
  A gnoll sergeant (D:9)
  A scorpion (D:7)
  4 wights (D:9)
  5 killer bees
  8 electric eels (D:10)
  A howler monkey (D:4)
  A hound (D:4)
  5 orc priests
  Ijyb (D:5)
  3 iguanas
  12 orc wizards
  16 adders
  15 gnolls
  6 river rats
  2 shadow imps
  An ufetubus (D:5)
  3 worms
  4 dart slugs
  71 orcs
  13 ball pythons
  13 bats
  8 endoplasms
  6 giant cockroaches
  9 goblins
  8 hobgoblins
  10 jackals
  13 kobolds
  6 quokkas
  2 frilled lizards
  9 rats
368 creatures vanquished.

Vanquished Creatures (collateral kills)
  A vault guard (D:13)
  A manticore (D:11)
  A slime creature (D:12)
  A wraith (D:12)
  A spriggan (D:11)
  A yak (D:9)
  A black bear (D:11)
  A wight (D:9)
  An orc wizard (D:10)
9 creatures vanquished.

Vanquished Creatures (others)
  5 knights
  4 ancestors
  21 plants
30 creatures vanquished.

Grand Total: 407 creatures vanquished

Notes
Turn   | Place    | Note
-------+----------+-------------------------------------------
     0 | D:1      | Bnni the Tengu Hunter began the quest for the Orb.
     0 | D:1      | Reached XP level 1. HP: 12/12 MP: 2/2
    56 | D:1      | Reached XP level 2. HP: 17/17 MP: 3/3
   177 | D:1      | Reached skill level 5 in Ranged Weapons
   264 | D:1      | Reached XP level 3. HP: 22/22 MP: 4/4
   311 | D:1      | Found a faded altar of an unknown god.
   356 | D:1      | Found Oceosch's Book Boutique.
   697 | D:2      | Found Luroesch's Jewellery Shoppe.
   741 | D:2      | Reached XP level 4. HP: 12/27 MP: 5/5
   839 | D:2      | Reached skill level 6 in Ranged Weapons
   894 | D:2      | You fall into a shaft and drop 1 floor!
   949 | D:3      | Gained mutation: Your magical nature lets you fly swiftly
                  | and evasively. [Tengu growth]
   949 | D:3      | Reached XP level 5. HP: 32/32 MP: 6/6
  1537 | D:3      | Noticed a phantom
  1597 | D:3      | Killed a phantom
  1598 | D:3      | Reached XP level 6. HP: 34/38 MP: 7/7
  1660 | D:3      | Reached skill level 7 in Ranged Weapons
  1763 | D:3      | Noticed Sigmund
  1803 | D:3      | Killed Sigmund
  2104 | D:4      | Noticed a black bear
  2115 | D:4      | Killed a black bear
  2116 | D:4      | Reached XP level 7. HP: 33/44 MP: 8/8
  2243 | D:4      | Reached skill level 8 in Ranged Weapons
  2306 | D:4      | Found a glowing golden altar of the Shining One.
  2688 | D:4      | Found a hide-covered altar of Uskayaw.
  2753 | D:5      | Entered Level 5 of the Dungeon
  2827 | D:5      | Found a stormy altar of Qazlal.
  2881 | D:5      | Reached skill level 5 in Fighting
  2931 | D:5      | Found Somur's Assorted Antiques.
  2941 | D:5      | Bought a scroll labelled FIAPNO KAKELIW for 21 gold pieces
  2941 | D:5      | Bought a lumpy purple potion for 18 gold pieces
  2941 | D:5      | Bought a glowing red potion for 18 gold pieces
  3018 | D:5      | Found a blossoming altar of Fedhas.
  3018 | D:5      | Found an ancient bone altar of Kikubaaqudgha.
  3071 | D:5      | Reached skill level 9 in Ranged Weapons
  3200 | D:5      | Found a glowing drain.
  3218 | Sewer    | Entered a sewer
  3248 | Sewer    | Reached XP level 8. HP: 15/49 MP: 9/9
  3917 | D:5      | Noticed Grinder
  3927 | D:5      | Paralysed by Grinder for 2 turns
  3937 | D:5      | Paralysed by Grinder for 3 turns
  3953 | D:5      | Killed Grinder
  4251 | D:5      | Noticed Ijyb
  4263 | D:5      | Killed Ijyb
  4665 | D:6      | Reached skill level 10 in Ranged Weapons
  5223 | D:6      | Noticed Prince Ribbit
  5233 | D:6      | Found Genaewof's Armour Shoppe.
  5243 | D:6      | Killed Prince Ribbit
  5244 | D:6      | Reached skill level 11 in Ranged Weapons
  5244 | D:6      | Reached XP level 9. HP: 16/56 MP: 10/10
  5763 | D:7      | Found a staircase to the Ecumenical Temple.
  5796 | Temple   | Entered the Ecumenical Temple
  5869 | Temple   | Became a worshipper of Hepliaklqana the Forgotten
  6063 | D:7      | Noticed a brown ugly thing
  6092 | D:7      | Killed a brown ugly thing
  6093 | D:7      | Reached skill level 12 in Ranged Weapons
  6145 | D:7      | Found a runed translucent door.
  6145 | D:7      | Noticed a troll
  6146 | D:7      | Noticed a cyclops
  6147 | D:7      | Noticed a skeletal warrior
  6479 | D:7      | Found Poafyu Fuing's Tremendous Tomes.
  6533 | D:7      | Noticed Pikel
  6558 | D:7      | Killed Pikel
  6559 | D:7      | Reached XP level 10. HP: 47/64 MP: 11/11
  6664 | D:7      | Reached skill level 13 in Ranged Weapons
  6974 | D:7      | Found a runed translucent door.
  6976 | D:7      | Found a runed translucent door.
  7002 | D:7      | Noticed a two-headed ogre
  7002 | D:7      | Noticed a boulder beetle
  7002 | D:7      | Noticed a gargoyle
  7002 | D:7      | Noticed a two-headed ogre
  7015 | D:7      | Killed a two-headed ogre
  7020 | D:7      | Killed a two-headed ogre
  7033 | D:7      | Killed a gargoyle
  7043 | D:7      | Reached skill level 14 in Ranged Weapons
  7588 | D:8      | Found a flagged portal.
  7609 | Bailey   | Entered a bailey
  7676 | Bailey   | Reached skill level 5 in Dodging
  7723 | Bailey   | Reached XP level 11. HP: 71/71 MP: 12/12
  7899 | Bailey   | Identified the +9 executioner's axe "Laseyme" {freeze, rF+
                  | Will+}
  8032 | D:8      | Noticed Maurice
  8041 | D:8      | Killed Maurice
  8042 | D:8      | Reached skill level 15 in Ranged Weapons
  8065 | D:8      | Reached * piety under Hepliaklqana
  8407 | D:8      | Found an ornate altar of the Wu Jian Council.
  8695 | D:2      | Bought a +4 ring of protection for 360 gold pieces
  8866 | D:9      | Found Taothai's Weapon Shop.
  8934 | D:9      | Noticed a two-headed ogre
  8938 | D:9      | Killed a two-headed ogre
  8982 | D:9      | Reached skill level 10 in Fighting
  9098 | D:9      | Noticed a death yak
  9102 | D:9      | Noticed a death yak
  9103 | D:9      | Killed a death yak
  9106 | D:9      | Noticed a death yak
  9139 | D:9      | Killed a death yak
  9147 | D:9      | Killed a death yak
  9198 | D:9      | Found a staircase to the Lair.
  9223 | D:9      | Found a bloodstained altar of Trog.
  9290 | D:9      | Found a glowing silver altar of Zin.
  9405 | D:9      | Reached skill level 16 in Ranged Weapons
  9715 | D:10     | Entered Level 10 of the Dungeon
  9825 | D:10     | Reached XP level 12. HP: 70/70 MP: 13/13
  9871 | D:10     | Reached skill level 1 in Invocations
  9876 | D:10     | Reached skill level 1 in Armour
  9961 | D:10     | Reached ** piety under Hepliaklqana
  9962 | D:10     | Remembered your ancestor Tankster McGee as a knight
 10095 | D:10     | Noticed a two-headed ogre
 10099 | D:10     | Killed a two-headed ogre
 10406 | D:11     | Found a shadowy altar of Dithmenos.
 10442 | D:11     | Found a runed translucent door.
 10448 | D:11     | Noticed derval's ghost (journeyman OpSu)
 10478 | D:11     | Identified the +3 spear of Wooskon {speed, rN+ Str+2 Dex+4}
 10521 | D:11     | Killed derval's ghost
 10614 | D:11     | Found Qokoawes's Distillery.
 10833 | D:11     | Noticed a centaur warrior
 10862 | D:11     | Killed a centaur warrior
 10989 | D:11     | Noticed a fire giant
 11135 | D:12     | Noticed a two-headed ogre
 11140 | D:12     | Killed a two-headed ogre
 11200 | D:12     | Reached skill level 5 in Invocations
 11202 | D:12     | Noticed a two-headed ogre
 11212 | D:12     | Killed a two-headed ogre
 11213 | D:12     | Reached XP level 13. HP: 75/75 MP: 17/17
 11246 | D:12     | Found Jesipn's Assorted Antiques.
 11255 | D:12     | Bought a scroll labelled RARRAY LEUM for 24 gold pieces
 11322 | D:12     | Found a staircase to the Orcish Mines.
 11441 | D:12     | Found a runed translucent door.
 11446 | D:12     | Found a hide-covered altar of Uskayaw.
 11861 | D:12     | Reached skill level 5 in Armour
 12013 | D:13     | Noticed a vault guard
 12013 | D:13     | Noticed a vault guard
 12016 | D:13     | Noticed a vault guard
 12019 | D:13     | Noticed a vault guard
 12020 | D:13     | Noticed a vault guard
 12021 | D:13     | Noticed a vault guard
 12022 | D:13     | Killed a vault guard
 12023 | D:13     | Noticed a vault guard
 12028 | D:13     | Killed a vault guard
 12033 | D:13     | Killed a vault guard
 12033 | D:13     | Killed a vault guard
 12036 | D:13     | Killed a vault guard
 12037 | D:13     | Reached skill level 17 in Ranged Weapons
 12037 | D:13     | Killed a vault guard
 12038 | D:13     | Succumbed to their own poison gas

Illustrated notes

Levels and vault maps discovered:
D:1:      tarquinn_simple_flora_water_a, layout_basic,
          ebering_ecumenical_altar_webs, serial_shops, nicolae_shop_statue_plus
D:2:      layout_loops_cross, serial_shops, nicolae_shop_stone
D:3:      layout_basic, minmay_unequal, uniq_sigmund
D:4:      cheibrodos_barr_body, layout_cave_pools, nicolae_uskayaw_dance_hall,
          mainiacjoe_overflow_six_doors_small, minmay_stone_trees_small,
          kennysheep_minor_cross
D:5:      layout_basic, nicolae_qazlal_general_emergency,
          grunt_temple_overflow_growth_and_decay, serial_shops,
          nicolae_shop_overgrown_old_shop, portal_sewer_entry_f, uniq_ijyb,
          uniq_grinder
D:6:      layout_loops_ring, serial_shops, nicolae_shop_advertising_works
          [nicolae_subvault_shop_adworks], uniq_prince_ribbit1
D:7:      minmay_the_grid_triangle_9x9_rhombus_thin
          [minmay_the_grid_triangle_9x9_thin_v,
          minmay_the_grid_triangle_9x9_prize_top_heavy,
          minmay_the_grid_triangle_9x9_impossible_snake,
          minmay_the_grid_triangle_9x9_fully_insulated_deathbox],
          layout_layer_cave, minmay_temple_entry_large_hall,
          roderic_nine_men_s_morris, nicolae_shop_i_like_big_books, uniq_pikel
D:8:      layout_rooms, kennysheep_little_box, lightli_bailey_entry_fortress,
          uniq_maurice
D:9:      layout_loops_corners, trog_ov_bears_minmay, lemuel_tele_altar,
          dpeg_lair_monsters, serial_shops, nicolae_shop_crystal
D:10:     erik_rubicon_b, layout_cave_pools, serial_park_tiny_pond
D:11:     minmay_shrinking_squares, layout_rooms, ebering_ghost_funeral_grove,
          serial_shops, nicolae_shop_crystal, grunt_dithmenos_smoke_and_mirrors
D:12:     layout_basic, orc_0_dummy, serial_shops,
          nicolae_shop_overgrown_old_shop, nicolae_danse_macabre
D:13:     layout_stronghold, erik_vaults_2, zin_angel
Temple:   nicolae_temple_bog_church

Skill      XL: |  1  2  3  4  5  6  7  8  9 10 11 12 13 |
---------------+----------------------------------------+-----
Ranged Weapons | 5 6 7 9 11 12 14 16 17 | 17.0
Fighting       | 3 4 5 6 8 9 10 11 | 11.7
Dodging        | 5 7 8 9 |  9.4
Invocations    | 5 6 |  6.7
Armour         | 4 5 |  5.5
Stealth        | |  1.0

Action                     |  1- 3 |  4- 6 |  7- 9 | 10-12 | 13-15 || total
---------------------------+-------+-------+-------+-------+-------++-------
   Fire: Shortbow          |    70 |   142 |   452 |   572 |    47 ||  1283
  Throw: Throwing net      |       |       |     2 |       |       ||     2
         Dart              |       |       |     4 |     4 |       ||     8
 Invoke: Recall Ancestor   |       |       |       |     4 |     2 ||     6
         Ancestor Identity |       |       |       |     2 |       ||     2
         Ancestor Life: Kn |       |       |       |     1 |       ||     1
  Evoke: Wand              |       |       |     6 |     4 |       ||    10
    Use: Potion            |       |     1 |       |     2 |     4 ||     7
         Scroll            |       |       |     9 |     5 |     5 ||    19
 Armour: Leather armour    |     4 |     7 |       |       |       ||    11
         Skin              |       |     4 |       |       |       ||     4
         Robe              |       |     3 |    39 |     6 |       ||    48
         Troll leather arm |       |       |       |    10 |     3 ||    13
  Dodge: Dodged            |    10 |    64 |   238 |   163 |    19 ||   494

Table legend: (Time is in decaauts)
 A = Elapsed time spent in this place.
 B = Non-inter-level travel time spent in this place.
 C = Inter-level travel time spent in this place.
 D = Time resting spent in this place.
 E = Time spent auto-exploring this place.
 F = Levels seen in this place.
 G = Mean time per level.
                   A        B        C        D        E       F      G
               +--------+--------+--------+--------+--------+-----+--------+
         Total |  11355 |  10624 |    731 |   1014 |   7032 |  16 |  709.7 |
       Dungeon |  10288 |   9566 |    722 |    882 |   6556 |  13 |  791.4 |
        Temple |     77 |     68 |      9 |      0 |     47 |   1 |   77.0 |
         Sewer |    592 |    592 |      0 |    111 |    303 |   1 |  592.0 |
        Bailey |    397 |    397 |      0 |     21 |    125 |   1 |  397.0 |
               +--------+--------+--------+--------+--------+-----+--------+

Top non-repeatable levels by time:
     D:7: 1699 daAuts
     D:5: 1133 daAuts
     D:6: 994 daAuts
     D:9: 929 daAuts
     D:3: 905 daAuts
    D:12: 858 daAuts
    D:11: 676 daAuts
     D:2: 672 daAuts
     D:4: 645 daAuts
   Sewer: 592 daAuts
    D:10: 589 daAuts
     D:1: 576 daAuts
     D:8: 565 daAuts
  Bailey: 397 daAuts
  Temple: 77 daAuts
